 Dungeon Crawl Stone Soup version 0.20-a0-754-g13ddd6e (webtiles) character file.

14 Gorice the Sneak (level 2, 0/15 HPs)
             Began as a Kobold Enchanter on Feb 26, 2017.
             Slain by a rat (3 damage)
             ... on level 1 of the Dungeon.
             The game lasted 00:02:46 (786 turns).

Gorice the Sneak (Kobold Enchanter)                  Turns: 786, Time: 00:02:47

Health: 0/15       AC:  2    Str:  5    XL:     2   Next: 60%
Magic:  0/5        EV: 15    Int: 16    God:
Gold:   0          SH:  0    Dex: 15    Spells: 2/5 levels left

rFire    . . .     SeeInvis .   a - +1 dagger
rCold    . . .     Gourm    .   b - +0 robe
rNeg     . . .     Faith    .   (shield restricted)
rPois    .         Spirit   .   (no helmet)
rElec    .         Reflect  .   (no cloak)
rCorr    .         Harm     .   (no gloves)
MR       .....                  (no boots)
Stlth    +++.......             (no amulet)
Regen    0.1/turn               (no ring)
MPRegen  0.1/turn               (no ring)

@: very slightly contaminated
A: carnivore 3
a: no special abilities


You were on level 1 of the Dungeon.
You were completely stuffed.

You visited 1 branch of the dungeon, and saw 1 of its levels.

Inventory:

Hand Weapons
 a - a +1 dagger (weapon)
 h - a cursed -3 whip
Armour
 b - a +0 robe (worn)
Scrolls
 e - a scroll of immolation {unknown}
 f - a scroll of remove curse {unknown}
Books
 c - a book of Maledictions
Comestibles
 d - a meat ration {!e}
 g - a chunk of flesh


   Skills:
 + Level 2.3 Short Blades
 - Level 2.4 Dodging
 - Level 4.0 Stealth
 - Level 2.1 Spellcasting
 + Level 3.4 Hexes


You had 2 spell levels left.
You knew the following spells:

 Your Spells              Type           Power        Failure   Level  Hunger
a - Corona                Hex            ##.....      6%          1    #......
b - Ensorcelled Hibernat  Hex/Ice        #.....       17%         2    ###....


Dungeon Overview and Level Annotations

Branches:
Dungeon (1/15)

Altars:


Innate Abilities, Weirdness & Mutations

You are small and have problems with some larger weapons.
You are carnivorous and can eat meat at any time.


Message History

The kobold is outlined in light.
The rat barely misses you. The kobold completely misses you.
You hit the kobold.
The kobold is severely wounded.
The rat closely misses you. The kobold misses you.
You hit the kobold.
You kill the kobold!
The rat bites you.
Damage: 1 (max 2)
Casting: Corona
Confirm with . or Enter, or press ? or * to list all spells.
Aiming: Corona
Press: ? - help, Shift-Dir - straight line, f - giant cockroach
Aim: a giant cockroach (clinging, chance to defeat MR: 66%)
The giant cockroach is outlined in light.
The rat completely misses you. The giant cockroach barely misses you.
You barely miss the giant cockroach. The rat misses you.
The giant cockroach bites you but does no damage.
You hit the giant cockroach.
The giant cockroach is lightly wounded.
The rat bites you. The giant cockroach bites you.
Damage: 3 (max 3)
You hit the giant cockroach.
The giant cockroach is moderately wounded.
The giant cockroach bites you. The rat bites you.
* * * LOW HITPOINT WARNING * * *
Damage: 2 (max 3)
You hit the giant cockroach.
The giant cockroach is heavily wounded.
The giant cockroach bites you.
* * * LOW HITPOINT WARNING * * *
The rat barely misses you.
Damage: 2 (max 3)
You hit the giant cockroach.
The giant cockroach is severely wounded.
The giant cockroach completely misses you.
The rat closely misses you.
You hit the giant cockroach.
You kill the giant cockroach!
The rat bites you.
* * * LOW HITPOINT WARNING * * *
You see here a dagger.
Damage: 2 (max 3)
Casting: Corona
Confirm with . or Enter, or press ? or * to list all spells.
Aiming: Corona
Press: ? - help, Shift-Dir - straight line, f - rat
Aim: a rat (chance to defeat MR: 66%)
The rat is outlined in light.
The rat bites you.
You die...

################ #####
...............###### #...####
...............'....# #...#...
...............#@r..# #...#...
....############....######...#...
...######....................#...
.............................#...
.................................
.....####....................####
.....####.................####..
...........###.............# #...
..........................# #...


You could see a rat.

Vanquished Creatures
  A giant cockroach (D:1)
  A goblin (D:1)
  A hobgoblin (D:1)
  A jackal (D:1)
  2 kobolds (D:1)
  4 bats (D:1)
  A frilled lizard (D:1)
  2 rats (D:1)
13 creatures vanquished.

Notes
Turn   | Place    | Note
-------+----------+-------------------------------------------
     0 | D:1      | Gorice the Kobold Enchanter began the quest for the Orb.
     0 | D:1      | Reached XP level 1. HP: 10/10 MP: 3/3
   276 | D:1      | Reached XP level 2. HP: 9/15 MP: 3/5
   397 | D:1      | Learned a level 2 spell: Ensorcelled Hibernation
   430 | D:1      | Reached skill level 2 in Short Blades
   460 | D:1      | HP: 2/15 [hobgoblin/club (4)]
   785 | D:1      | HP: 3/15 [rat (2)]
   786 | D:1      | Slain by a rat

Vault maps used:
D:1:      lemuel_arrival_lava_pool

Skill      XL: |  1  2 |
---------------+-------+-----
Short Blades   | 2 |  2.3
Dodging        | |  2.4
Stealth        | |  4.0
Spellcasting   | |  2.1
Hexes          | |  3.4

Action                   || total
-------------------------++-------
Melee: Dagger            ||    59
 Cast: Corona            ||    17
  Eat: Chunk             ||     8
Armor: Robe              ||     6
Dodge: Dodged            ||    65

Table legend:
 A = Turns spent in this place as a percentage of turns spent in the entire game.
 B = Non-inter-level travel turns spent in this place as a percentage of non-inter-level travel turns spent in the entire game.
 C = Inter-level travel turns spent in this place as a percentage of turns spent in this place.
 D = Turns resting spent in this place as a percentage of non-inter-level travel turns spent in this place.
 E = Turns spent auto-exploring this place as a percentage of non-inter-level travel turns spent in this place.
 F = Non-inter-level travel turns spent in this place divided by the number of levels of this place that you've seen.
                   A       B       C       D       E      F
               +-------+-------+-------+-------+-------+----------------------
         Total | 100.0 | 100.0 |   0.0 |   3.4 |   3.0 | 297.0
       Dungeon | 100.0 | 100.0 |   0.0 |   3.4 |   3.0 | 297.0
               +-------+-------+-------+-------+-------+----------------------

Vault maps used:
D:1:      lemuel_arrival_lava_pool
